% Time on Ice - SAN DIEGO THUNDER
Lines # - Real PCT - Wanted PCT - Time Play
Normal Forward
1 - 34% - 36% - 16:02
2 - 28% - 31% - 13:09
3 - 19% - 23% - 8:50
4 - 18% - 10% - 8:34
Normal Defense
1 - 38% - 38% - 17:51
2 - 29% - 32% - 13:30
3 - 29% - 20% - 13:19
4 - 4% - 10% - 1:55
PP Forward
1 - 51% - 55% - 5:49
2 - 49% - 45% - 5:37
PP Defense
1 - 48% - 55% - 5:28
2 - 52% - 45% - 5:58
PK Forward
1 - 69% - 55% - 1:22
2 - 31% - 45% - 0:37
PK Defense
1 - 57% - 55% - 1:08
2 - 43% - 45% - 0:51
PK3 Forward
1 - 0% - 55%
2 - 0% - 45%
PK3 Defense
1 - 0% - 55%
2 - 0% - 45%
44 Forward
1 - 0% - 55%
2 - 0% - 45%
44 Defense
1 - 0% - 55%
2 - 0% - 45%
Last Minute Offensive  - 0:00
Last Minute Defensive  - 0:00
Total
Forward - 60:00
Defense - 60:00
% Time on Ice - NORTH DAKOTA HAWKS
Lines # - Real PCT - Wanted PCT - Time Play
Normal Forward
1 - 33% - 31% - 15:16
2 - 32% - 31% - 15:02
3 - 23% - 23% - 10:30
4 - 12% - 15% - 5:47
Normal Defense
1 - 41% - 42% - 18:53
2 - 34% - 36% - 15:48
3 - 14% - 12% - 6:37
4 - 11% - 10% - 5:17
PP Forward
1 - 36% - 65% - 0:43
2 - 64% - 35% - 1:16
PP Defense
1 - 36% - 65% - 0:43
2 - 64% - 35% - 1:16
PK Forward
1 - 58% - 55% - 6:39
2 - 42% - 45% - 4:47
PK Defense
1 - 50% - 55% - 5:45
2 - 50% - 45% - 5:41
PK3 Forward
1 - 0% - 55%
2 - 0% - 45%
PK3 Defense
1 - 0% - 55%
2 - 0% - 45%
44 Forward
1 - 0% - 55%
2 - 0% - 45%
44 Defense
1 - 0% - 55%
2 - 0% - 45%
Last Minute Offensive  - 0:00
Last Minute Defensive  - 0:00
Total
Forward - 60:00
Defense - 60:00
Play-by-Play 1st period 0:01 of 1st period - Jack Hughes wins face-off versus Eetu Luostarinen in neutral zone. 0:22 of 1st period - Shot by Jack Hughes. 0:22 of 1st period - Stopped by Connor Hellebuyck without a rebound. 0:23 of 1st period - Justin Danforth wins face-off versus Wyatt Johnston in SAN DIEGO THUNDER zone. 0:32 of 1st period - Shot by Justin Danforth. 0:32 of 1st period - Stopped by Connor Hellebuyck with a rebound. 0:44 of 1st period - Shot by Reyley Smith. 0:44 of 1st period - Shot Blocked by Connor Murphy. 0:53 of 1st period - Derek Forbort is hit by Ryan Lindgren and loses puck. 0:59 of 1st period - Icing by Ryan Lindgren. 1:00 of 1st period - Radek Faksa wins face-off versus Justin Danforth in NORTH DAKOTA HAWKS zone. 1:23 of 1st period - Jake DeBrusk is hit by Radek Faksa and loses puck. 1:50 of 1st period - Off-side. 1:51 of 1st period - Eetu Luostarinen wins face-off versus Frederick Gaudreau in neutral zone. 2:32 of 1st period - Shot by Nick Foligno. 2:32 of 1st period - Shot Misses the Net. 3:43 of 1st period - Off-side. 3:44 of 1st period - Nico Sturm wins face-off versus Wyatt Johnston in neutral zone. 3:53 of 1st period - Shot by Beck Malenstyn. 3:53 of 1st period - Stopped by Connor Hellebuyck without a rebound. 3:54 of 1st period - Mark Kastelic wins face-off versus Frederick Gaudreau in SAN DIEGO THUNDER zone. 4:14 of 1st period - Shot by Cale Makar. 4:14 of 1st period - Shot Blocked by Derek Forbort. 4:16 of 1st period - Shot by Cale Makar. 4:16 of 1st period - Shot Misses the Net. 5:05 of 1st period - Minor Penalty to Garnet Hathaway for Hooking. 5:06 of 1st period - Wyatt Johnston wins face-off versus Nico Sturm in NORTH DAKOTA HAWKS zone. 5:39 of 1st period - Shot by Wyatt Johnston. 5:39 of 1st period - Shot Misses the Net. 5:41 of 1st period - Shot by Wyatt Johnston. 5:41 of 1st period - Stopped by Linus Ullmark with a rebound. 7:12 of 1st period - Shot by Eetu Luostarinen. 7:12 of 1st period - Deflect By Luke Kunin. 7:12 of 1st period - Shot Misses the Net. 8:27 of 1st period - Shot by Jake DeBrusk. 8:27 of 1st period - Shot Misses the Net. 8:35 of 1st period - Derek Forbort is hit by Jake DeBrusk and loses puck. 8:47 of 1st period - Off-side. 8:48 of 1st period - Frederick Gaudreau wins face-off versus Radek Faksa in neutral zone. 9:17 of 1st period - Shot by Luke Kunin. 9:17 of 1st period - Goal by Luke Kunin - SAN DIEGO THUNDER : 1 - NORTH DAKOTA HAWKS : 0. 9:18 of 1st period - Wyatt Johnston wins face-off versus Jack Hughes in neutral zone. 9:25 of 1st period - Shot by Dmitri Voronkov. 9:25 of 1st period - Stopped by Linus Ullmark without a rebound. 9:26 of 1st period - Nico Sturm wins face-off versus Joel Farabee in NORTH DAKOTA HAWKS zone. 9:57 of 1st period - Shot by Drake Batherson. 9:57 of 1st period - Stopped by Linus Ullmark without a rebound. 9:58 of 1st period - Justin Danforth wins face-off versus Wyatt Johnston in NORTH DAKOTA HAWKS zone. 10:17 of 1st period - Shot by Reyley Smith. 10:17 of 1st period - Stopped by Connor Hellebuyck with a rebound. 10:21 of 1st period - Shot by Reyley Smith. 10:21 of 1st period - Stopped by Connor Hellebuyck without a rebound. 10:22 of 1st period - Radek Faksa wins face-off versus Jack Hughes in SAN DIEGO THUNDER zone. 10:39 of 1st period - Icing by Adam Boqvist. 10:40 of 1st period - Justin Danforth wins face-off versus Radek Faksa in SAN DIEGO THUNDER zone. 10:53 of 1st period - Icing by Jake DeBrusk. 10:54 of 1st period - Wyatt Johnston wins face-off versus Justin Danforth in NORTH DAKOTA HAWKS zone. 10:55 of 1st period - Shot by Dmitri Voronkov. 10:55 of 1st period - Shot Misses the Net. 11:55 of 1st period - Wyatt Johnston is hit by Jonas Siegenthaler and loses puck. 12:03 of 1st period - Minor Penalty to Cale Makar for Tripping. 12:04 of 1st period - Drake Batherson wins face-off versus Nico Sturm in NORTH DAKOTA HAWKS zone. 12:44 of 1st period - Shot by Charles McAvoy. 12:44 of 1st period - Stopped by Linus Ullmark without a rebound. 12:45 of 1st period - Frederick Gaudreau wins face-off versus Wyatt Johnston in NORTH DAKOTA HAWKS zone. 13:32 of 1st period - Shot by Charles McAvoy. 13:32 of 1st period - Stopped by Linus Ullmark with a rebound. 13:34 of 1st period - Shot by Charles McAvoy. 13:34 of 1st period - Goal by Charles McAvoy - SAN DIEGO THUNDER : 2 - NORTH DAKOTA HAWKS : 0. 13:34 of 1st period - Alex Nedeljkovic enters game. 13:35 of 1st period - Mark Kastelic wins face-off versus Jack Hughes in neutral zone. 13:53 of 1st period - Jason Robertson is hit by Nicklaus Perbix and loses puck. 14:10 of 1st period - Icing by Jack Hughes. 14:11 of 1st period - Eetu Luostarinen wins face-off versus Jack Hughes in NORTH DAKOTA HAWKS zone. 14:16 of 1st period - Shot by Drake Batherson. 14:16 of 1st period - Shot Blocked by Jonas Siegenthaler. 14:28 of 1st period - Shot by Jack Hughes. 14:28 of 1st period - Deflect By Jason Robertson. 14:28 of 1st period - Shot Misses the Net. 14:49 of 1st period - Minor Penalty to Ryan Hartman for Holding. 14:50 of 1st period - Wyatt Johnston wins face-off versus Beck Malenstyn in NORTH DAKOTA HAWKS zone. 15:49 of 1st period - Shot by Drake Batherson. 15:49 of 1st period - Shot Misses the Net. 15:51 of 1st period - Shot by Joel Farabee. 15:51 of 1st period - Stopped by Alex Nedeljkovic with a rebound. 15:53 of 1st period - Shot by Erik Cernak. 15:53 of 1st period - Shot Misses the Net. 15:55 of 1st period - Shot by Charles McAvoy. 15:55 of 1st period - Shot Blocked by Mathew Dumba. 16:38 of 1st period - Shot by Wyatt Johnston. 16:38 of 1st period - Stopped by Alex Nedeljkovic without a rebound. 16:39 of 1st period - Nico Sturm wins face-off versus Drake Batherson in NORTH DAKOTA HAWKS zone. 17:06 of 1st period - Shot by Jack Hughes. 17:06 of 1st period - Stopped by Connor Hellebuyck without a rebound. 17:07 of 1st period - Frederick Gaudreau wins face-off versus Radek Faksa in SAN DIEGO THUNDER zone. 17:12 of 1st period - Shot by Nick Foligno. 17:12 of 1st period - Deflect By Frederick Gaudreau. 17:12 of 1st period - Shot Misses the Net. 17:14 of 1st period - Shot by Jonas Siegenthaler. 17:14 of 1st period - Shot Misses the Net. 17:18 of 1st period - Shot by Emil Bemstrom. 17:18 of 1st period - Stopped by Connor Hellebuyck without a rebound. 17:19 of 1st period - Mark Kastelic wins face-off versus Justin Danforth in SAN DIEGO THUNDER zone. 18:09 of 1st period - Icing by Derek Forbort. 18:10 of 1st period - Frederick Gaudreau wins face-off versus Mark Kastelic in SAN DIEGO THUNDER zone. 18:13 of 1st period - Shot by Frederick Gaudreau. 18:13 of 1st period - Shot Misses the Net. 18:23 of 1st period - Shot by Cale Makar. 18:23 of 1st period - Stopped by Connor Hellebuyck without a rebound. 18:24 of 1st period - Nico Sturm wins face-off versus Wyatt Johnston in SAN DIEGO THUNDER zone. 18:33 of 1st period - Shot by Nico Sturm. 18:33 of 1st period - Shot Misses the Net. Goals for this period are 2 for SAN DIEGO THUNDER vs 0 for NORTH DAKOTA HAWKS. Shots for this period are 9 for SAN DIEGO THUNDER vs 8 for NORTH DAKOTA HAWKS. 2nd period 0:01 of 2nd period - Jack Hughes wins face-off versus Filip Zadina in neutral zone. 0:10 of 2nd period - Shot by Jason Robertson. 0:10 of 2nd period - Stopped by Connor Hellebuyck without a rebound. 0:11 of 2nd period - Justin Danforth wins face-off versus Eetu Luostarinen in SAN DIEGO THUNDER zone. 0:17 of 2nd period - Icing by Drake Batherson. 0:18 of 2nd period - Eetu Luostarinen wins face-off versus Justin Danforth in SAN DIEGO THUNDER zone. 0:45 of 2nd period - Shot by Eetu Luostarinen. 0:45 of 2nd period - Stopped by Alex Nedeljkovic with a rebound. 0:47 of 2nd period - Shot by Drake Batherson. 0:47 of 2nd period - Stopped by Alex Nedeljkovic without a rebound. 0:47 of 2nd period - Minor Penalty to Alex Nedeljkovic for Slashing. 0:48 of 2nd period - Nico Sturm wins face-off versus Wyatt Johnston in NORTH DAKOTA HAWKS zone. 0:57 of 2nd period - Ryan Lindgren is hit by Wyatt Johnston and loses puck. 1:02 of 2nd period - Shot by Wyatt Johnston. 1:02 of 2nd period - Shot Misses the Net. 1:04 of 2nd period - Shot by Erik Cernak. 1:04 of 2nd period - Shot Blocked by Damon Severson. 1:43 of 2nd period - Shot by Justin Danforth. 1:43 of 2nd period - Stopped by Connor Hellebuyck without a rebound. 1:44 of 2nd period - Nico Sturm wins face-off versus Drake Batherson in SAN DIEGO THUNDER zone. 1:47 of 2nd period - Shot by Beck Malenstyn. 1:47 of 2nd period - Stopped by Connor Hellebuyck without a rebound. 1:48 of 2nd period - Frederick Gaudreau wins face-off versus Joel Farabee in SAN DIEGO THUNDER zone. 1:59 of 2nd period - Shot by Joel Farabee. 1:59 of 2nd period - Shot Misses the Net. 2:01 of 2nd period - Shot by Joel Farabee. 2:01 of 2nd period - Shot Misses the Net. 2:03 of 2nd period - Shot by Dmitri Voronkov. 2:03 of 2nd period - Stopped by Alex Nedeljkovic without a rebound. 2:04 of 2nd period - Frederick Gaudreau wins face-off versus Drake Batherson in NORTH DAKOTA HAWKS zone. 2:33 of 2nd period - Shot by Justin Danforth. 2:33 of 2nd period - Stopped by Connor Hellebuyck without a rebound. 2:34 of 2nd period - Nico Sturm wins face-off versus Wyatt Johnston in SAN DIEGO THUNDER zone. 3:00 of 2nd period - Steven Lorentz is hit by Cale Makar. 3:01 of 2nd period - Minor Penalty to Jonas Siegenthaler for High sticking. 3:02 of 2nd period - Beck Malenstyn wins face-off versus Wyatt Johnston in NORTH DAKOTA HAWKS zone. 3:17 of 2nd period - Frederick Gaudreau is hit by Wyatt Johnston and loses puck. 3:23 of 2nd period - Wyatt Johnston is hit by Erik Johnson and loses puck. 3:28 of 2nd period - Shot by Charles McAvoy. 3:28 of 2nd period - Shot Misses the Net. 3:31 of 2nd period - Isac Lundestrom is hit by Erik Johnson and loses puck. 4:08 of 2nd period - Shot by Drake Batherson. 4:08 of 2nd period - Shot Misses the Net. 5:16 of 2nd period - Off-side. 5:17 of 2nd period - Radek Faksa wins face-off versus Jack Hughes in neutral zone. 5:26 of 2nd period - Shot by Luke Kunin. 5:26 of 2nd period - Shot Misses the Net. 5:28 of 2nd period - Shot by Luke Kunin. 5:28 of 2nd period